 Dungeon Crawl Stone Soup version 0.26.0-7-g794d0892b4 (webtiles) character file.

Game seed: 14516782808166678315

13054 pancelalkov the Frost Mage (level 12, 0/89 HPs)
             Began as a Gnoll Ice Elementalist on Jan 11, 2021.
             Was a High Priest of Makhleb.
             Slain by an emperor scorpion (13 damage)
             ... led by a torpor snail
             ... on level 1 of the Spider Nest.
             The game lasted 01:21:16 (14254 turns).

pancelalkov the Frost Mage (GnIE)                  Turns: 14254, Time: 01:21:16

Health: 0/89       AC: 18    Str: 10    XL:     12   Next: 2%
Magic:  11/42      EV: 19    Int: 22    God:    Makhleb [*****.]
Gold:   466        SH:  6    Dex: 20    Spells: 13/28 levels left

rFire    + + .     SeeInvis .   y - +10 long sword of the Ring {drain, rF+ rC- rN+ MP+9}
rCold    . . .     Faith    .   w - +0 buckler
rNeg     + . .     Spirit   .   z - +1 robe "Yfosyss" {rCorr Dex+3}
rPois    .         Reflect  .   T - +1 hat
rElec    .         Harm     .   m - scarf {rC+ rF+}
rCorr    +         Rampage  .   J - +0 pair of gloves
Will     .....                  U - +2 pair of boots
Stlth    ++++......             H - amulet of regeneration
HPRegen  0.64/turn              Z - ring of wizardry
MPRegen  0.28/turn              Y - ring of magical power

@: icy armour, slowed, very slow
A: distributed training, fangs 1, strong nose
a: Renounce Religion, Minor Destruction, Lesser Servant of Makhleb, Major
Destruction, Greater Servant of Makhleb


You were on level 1 of the Spider Nest.
You worshipped Makhleb.
Makhleb was extremely pleased with you.
You visited 4 branches of the dungeon, and saw 13 of its levels.
You also visited: Sewer.

You collected 670 gold pieces.
You spent 204 gold pieces at shops.

Inventory:

Hand Weapons
 k - a +0 hand crossbow
 y - the +10 long sword of the Ring (weapon) {drain, rF+ rC- rN+ MP+9}
   (You bought it in a shop on level 6 of the Dungeon)

   A truly terrible weapon, it drains the life of those it strikes.
   It protects you from fire.
   It makes you vulnerable to cold.
   It protects you from negative energy.
   It affects your magic capacity (+9).
 L - a +0 flail of protection
Missiles
 i - a throwing net
 S - 78 bolts
Armour
 m - a scarf of resistance (worn)
 w - a +0 buckler (worn)
 z - the +1 robe "Yfosyss" (worn) {rCorr Dex+3}
   (You found it on level 7 of the Dungeon)

   It affects your dexterity (+3).
   It provides partial protection from all sources of acid and corrosion.
 J - a +0 pair of gloves (worn)
 T - a +1 hat (worn)
 U - a +2 pair of boots (worn)
Jewellery
 H - an amulet of regeneration (around neck)
 P - an uncursed ring of protection from cold {unknown}
 Y - a ring of magical power (right hand)
 Z - a ring of wizardry (left hand)
Wands
 u - a wand of acid (12)
 C - a wand of enslavement (13)
 K - a wand of digging (6)
 O - a wand of flame (17)
 R - a wand of polymorph (4)
Scrolls
 a - 2 scrolls of magic mapping {unknown}
 b - 8 scrolls of teleportation
 c - 2 scrolls of noise {unknown}
 d - 3 scrolls of fear {unknown}
 f - a scroll of vulnerability {unknown}
 g - 3 scrolls of remove curse
 h - a scroll of blinking {unknown}
 n - 2 scrolls of amnesia {unknown}
 p - 4 scrolls of immolation
 q - 4 scrolls of identify
 v - a scroll of random uselessness {unknown}
 E - 5 scrolls of enchant armour {unknown}
 I - a scroll of enchant weapon {unknown}
 V - 2 scrolls of fog {unknown}
Potions
 e - 4 potions of might {unknown}
 j - 11 potions of curing {unknown}
 l - a potion of brilliance {unknown}
 o - 3 potions of berserk rage {unknown}
 r - a potion of invisibility {unknown}
 s - a potion of haste {unknown}
 t - a potion of lignification {unknown}
 x - a potion of cancellation {unknown}
 A - a potion of ambrosia {unknown}
 D - 6 potions of heal wounds {unknown}
 F - 2 potions of flight {unknown}
 G - 2 potions of degeneration {unknown}
 X - 2 potions of attraction {unknown}
Miscellaneous
 B - a lightning rod (4/4)
 N - a box of beasts


   Skills:
 + Level 6.8 Fighting
 + Level 6.8 Short Blades
 + Level 6.8 Long Blades
 + Level 6.8 Axes
 + Level 6.8 Maces & Flails
 + Level 6.8 Polearms
 + Level 6.8 Staves
 + Level 6.8 Slings
 + Level 6.8 Bows
 + Level 6.8 Crossbows
 + Level 6.8 Throwing
 + Level 6.8 Armour
 + Level 8.3 Dodging
 + Level 8.1 Stealth
 + Level 6.8 Shields
 + Level 6.8 Unarmed Combat
 + Level 8.5 Spellcasting
 + Level 5.6 Conjurations
 + Level 5.6 Hexes
 + Level 5.6 Summonings
 + Level 5.6 Necromancy
 + Level 5.6 Translocations
 + Level 5.6 Transmutations
 + Level 5.6 Fire Magic
 + Level 9.2 Ice Magic
 + Level 5.6 Air Magic
 + Level 5.6 Earth Magic
 + Level 5.6 Poison Magic
 + Level 7.5 Invocations
 + Level 6.8 Evocations


You had 13 spell levels left.
You knew the following spells:

 Your Spells              Type           Power        Failure   Level
a - Freeze                Ice            100%         1%          1
b - Frozen Ramparts       Ice            100%         1%          3
c - Ozocubu's Armour      Ice            50%          1%          3
d - Summon Ice Beast      Ice/Summ       42%          1%          4
e - Hailstorm             Conj/Ice       42%          1%          4

Your spell library contained the following spells:

 Spells                   Type           Power        Failure   Level
 Magic Dart               Conj           100%         1%          1
 Searing Ray              Conj           68%          1%          2
 Dazzling Flash           Conj/Hex       68%          1%          3
 Fulminant Prism          Conj/Hex       17%          2%          4
 Iskenderun's Mystic Bla  Conj/Tloc      34%          2%          4
 Malign Gateway           Summ/Tloc      17%          90%         7
 Monstrous Menagerie      Summ           17%          90%         7
 Summon Greater Demon     Summ           17%          90%         7
 Summon Horrible Things   Summ           17%          100%        8


Dungeon Overview and Level Annotations

Branches:
Dungeon (9/15)             Temple (1/1) D:4            Lair (2/6) D:9
 Spider (1/4) Lair:2        Sewer (visited)
  Swamp: Lair:2-4    Shoals: Lair:2-4       Orc: D:9-12

Altars:
Ashenzari
Cheibriados
Dithmenos
Elyvilon
Fedhas
Gozag
Hepliaklqana
Kikubaaqudgha
Makhleb
Nemelex Xobeh
Okawaru
Qazlal
Ru
Sif Muna
Trog
Uskayaw
Vehumet
Wu Jian
Xom
Yredelemnul
Zin
The Shining One

Shops:
D:6 (


Innate Abilities, Weirdness & Mutations

Your experience applies equally to all skills.
You have very sharp teeth.
Your uncanny sense of smell can sniff out nearby items.


Message History

Aim: an emperor scorpion (almost dead)
You freeze the emperor scorpion.
The emperor scorpion is almost dead.
The frozen ramparts melt away.
The jumping spider leaps!
The emperor scorpion completely misses you.
The emperor scorpion claws you!
* * * LOW HITPOINT WARNING * * *
The emperor scorpion claws you but does no damage.
The torpor snail bites your ice beast but does no damage.
Your ice beast hits the emperor scorpion but does no damage.
The emperor scorpion stings your ice beast!
The emperor scorpion claws your ice beast.
The emperor scorpion closely misses your ice beast.
Your ice beast hits the torpor snail but does no damage.
You hit the emperor scorpion but do no damage.
You drain the emperor scorpion.
You bite the emperor scorpion, but do no damage.
The emperor scorpion is almost dead.
The jumping spider leaps! x2; The emperor scorpion stings you!
You die...

..##.. #. ...
∆....s . #..#
....#. °(#
.....∆...
...##○# †.#/#
##ws##### ∆
##Y@Y#.^^#
#.......##
##..#....#
#..##.#.#....#
.(......<#..##
)...#..........#
.......#.#..#.#.
.....#.........
#..#.#...#..#...


You could see an emperor scorpion (drained), a torpor snail, a jumping spider
and 2 friendly ice beasts.

Vanquished Creatures
  3 two-headed ogres (D:8)
  2 cane toads (Lair:2)
  2 komodo dragons
  A jumping spider (Spider:1)
  Prince Ribbit (Lair:1)
  3 blink frogs
  2 redbacks (Spider:1)
  9 yaks
  Edmund (D:4)
  A water moccasin (Lair:1)
  2 phantoms
  An ice beast (D:5)
  2 sky beasts
  A necrophage (D:6)
  5 wolves
  An ogre (D:8)
  A centaur (D:5)
  A big kobold (D:9)
  8 bullfrogs
  A water moccasin zombie (D:6)
  3 scorpions
  4 killer bees (D:8)
  4 wights (D:8)
  A crimson imp (D:3)
  A bullfrog zombie (D:8)
  A quasit (D:8)
  6 hounds
  An orc priest (D:4)
  A centaur skeleton (D:6)
  Terence (D:2)
  Natasha (twice) (D:2)
  4 iguanas
  3 orc wizards
  4 worker ants
  2 hound zombies
  5 gnolls
  13 adders
  A river rat (Sewer)
  4 white imps
  2 oozes
  5 worms
  3 dart slugs
  3 leopard geckos
  10 orcs
  4 ball pythons
  8 giant cockroaches
  14 goblins
  9 hobgoblins
  3 jackals
  4 quokkas
  10 bats
  4 frilled lizards
  20 kobolds
  2 leopard gecko skeletons
  A quokka skeleton (D:4)
  A quokka zombie (D:5)
  16 rats
228 creatures vanquished.

Vanquished Creatures (collateral kills)
  Gastronok (Lair:1)
  A hydra (Lair:2)
  A gargoyle (D:6)
  4 komodo dragons
  A troll (D:9)
  6 blink frogs
  8 yaks
  Grum (D:8)
  2 water moccasins
  2 ogres
  4 wolves
  A big kobold (D:8)
  4 bullfrogs
  2 scorpions
  2 killer bees (D:8)
  A wight (D:8)
  2 jellies
  A howler monkey (D:5)
  A quasit (D:6)
  2 hounds
  An orc wizard (D:9)
  3 worker ants
  A hound zombie (D:6)
  An adder (D:8)
  2 river rats (Sewer)
  A shadow imp (D:5)
  An adder zombie (D:6)
  An ooze (Sewer)
  An adder skeleton (D:6)
  3 worms
  A leopard gecko (D:5)
  4 orcs (D:9)
  2 ball pythons (Sewer)
  A giant cockroach (Lair:2)
  A goblin (D:5)
  2 hobgoblins (D:5)
  3 jackals (D:7)
  13 kobolds
  2 frilled lizards (Sewer)
  A jackal skeleton (D:6)
  13 rats (Sewer)
105 creatures vanquished.

Vanquished Creatures (others)
  7 fungi (Lair:2)
  15 plants
  4 toadstools (D:3)
26 creatures vanquished.

Grand Total: 359 creatures vanquished

Notes
Turn   | Place    | Note
-------+----------+-------------------------------------------
     0 | D:1      | pancelalkov the Gnoll Ice Elementalist began the quest for
                  | the Orb.
     0 | D:1      | Reached XP level 1. HP: 13/13 MP: 6/6
    85 | D:1      | Reached XP level 2. HP: 19/19 MP: 0/7
   689 | D:1      | Reached XP level 3. HP: 25/25 MP: 7/9
   740 | D:1      | Reached skill level 5 in Spellcasting
   898 | D:1      | Learned a level 3 spell: Frozen Ramparts
   902 | D:1      | Learned a level 3 spell: Ozocubu's Armour
   925 | D:1      | Reached skill level 1 in Invocations
  1016 | D:2      | Reached skill level 1 in Fighting
  1016 | D:2      | Reached skill level 1 in Short Blades
  1016 | D:2      | Reached skill level 1 in Long Blades
  1016 | D:2      | Reached skill level 1 in Axes
  1016 | D:2      | Reached skill level 1 in Maces & Flails
  1016 | D:2      | Reached skill level 1 in Polearms
  1016 | D:2      | Reached skill level 1 in Staves
  1016 | D:2      | Reached skill level 1 in Slings
  1016 | D:2      | Reached skill level 1 in Bows
  1016 | D:2      | Reached skill level 1 in Crossbows
  1016 | D:2      | Reached skill level 1 in Throwing
  1016 | D:2      | Reached skill level 1 in Armour
  1016 | D:2      | Reached skill level 1 in Shields
  1016 | D:2      | Reached skill level 1 in Unarmed Combat
  1016 | D:2      | Reached skill level 1 in Evocations
  1072 | D:2      | Reached XP level 4. HP: 32/32 MP: 7/11
  1349 | D:2      | Noticed Natasha
  1356 | D:2      | Killed Natasha
  1357 | D:2      | Reached skill level 1 in Conjurations
  1357 | D:2      | Reached skill level 1 in Hexes
  1357 | D:2      | Reached skill level 1 in Summonings
  1357 | D:2      | Reached skill level 1 in Necromancy
  1357 | D:2      | Reached skill level 1 in Translocations
  1357 | D:2      | Reached skill level 1 in Transmutations
  1357 | D:2      | Reached skill level 1 in Fire Magic
  1357 | D:2      | Reached skill level 1 in Air Magic
  1357 | D:2      | Reached skill level 1 in Earth Magic
  1357 | D:2      | Reached skill level 1 in Poison Magic
  1389 | D:2      | Reached XP level 5. HP: 37/37 MP: 0/12
  1430 | D:2      | Noticed Natasha
  1434 | D:2      | Killed Natasha
  1670 | D:2      | Noticed Terence
  1677 | D:2      | Killed Terence
  2284 | D:3      | Reached XP level 6. HP: 44/44 MP: 5/13
  2788 | D:3      | Found a burning altar of Makhleb.
  2789 | D:3      | Found a shimmering altar of Xom.
  2796 | D:3      | Became a worshipper of Makhleb the Destroyer
  3048 | D:4      | Reached skill level 5 in Dodging
  3052 | D:4      | Noticed Edmund
  3065 | D:4      | Killed Edmund
  3107 | D:4      | Reached XP level 7. HP: 42/50 MP: 6/15
  3824 | D:4      | Found a staircase to the Ecumenical Temple.
  3833 | Temple   | Entered the Ecumenical Temple
  4243 | D:5      | Entered Level 5 of the Dungeon
  4586 | D:5      | Reached skill level 5 in Stealth
  4888 | D:5      | Reached * piety under Makhleb
  4889 | D:5      | Reached XP level 8. HP: 57/57 MP: 10/16
  5133 | D:5      | Learned a level 4 spell: Summon Ice Beast
  5138 | D:5      | Learned a level 4 spell: Hailstorm
  5158 | D:5      | Found a sacrificial altar of Ru.
  6332 | D:6      | Noticed a gargoyle
  6347 | D:6      | Found a glowing drain.
  6365 | Sewer    | Entered a sewer
  6583 | Sewer    | Reached ** piety under Makhleb
  7402 | D:6      | Killed a gargoyle
  7761 | D:6      | Reached *** piety under Makhleb
  7780 | D:6      | Found Xex Ifumo's Antique Weapon Shoppe.
  7783 | D:6      | Bought a bloodstained long sword for 204 gold pieces
  7783 | D:6      | Identified the +10 long sword of the Ring {drain, rF+ rC-
                  | rN+ MP+9} (You bought it in a shop on level 6 of the
                  | Dungeon)
  7863 | D:6      | Reached XP level 9. HP: 65/65 MP: 18/18
  8163 | D:6      | Found a hazy altar of Hepliaklqana.
  8576 | D:7      | Found a broken altar of Ashenzari.
  8797 | D:7      | Got a heavily jewelled robe
  8799 | D:7      | Identified the cursed +1 robe "Yfosyss" {rCorr Dex+3} (You
                  | found it on level 7 of the Dungeon)
  9128 | D:8      | Noticed a two-headed ogre
  9139 | D:8      | Reached skill level 8 in Ice Magic
  9141 | D:8      | Killed a two-headed ogre
  9287 | D:8      | Reached skill level 5 in Invocations
  9514 | D:8      | Noticed a two-headed ogre
  9525 | D:8      | Killed a two-headed ogre
  9527 | D:8      | Reached XP level 10. HP: 54/73 MP: 11/20
  9680 | D:8      | Noticed a two-headed ogre
  9697 | D:8      | Killed a two-headed ogre
  9697 | D:8      | Reached **** piety under Makhleb
  9698 | D:8      | Reached skill level 5 in Fighting
  9698 | D:8      | Reached skill level 5 in Short Blades
  9698 | D:8      | Reached skill level 5 in Long Blades
  9698 | D:8      | Reached skill level 5 in Axes
  9698 | D:8      | Reached skill level 5 in Maces & Flails
  9698 | D:8      | Reached skill level 5 in Polearms
  9698 | D:8      | Reached skill level 5 in Staves
  9698 | D:8      | Reached skill level 5 in Slings
  9698 | D:8      | Reached skill level 5 in Bows
  9698 | D:8      | Reached skill level 5 in Crossbows
  9698 | D:8      | Reached skill level 5 in Throwing
  9698 | D:8      | Reached skill level 5 in Armour
  9698 | D:8      | Reached skill level 5 in Shields
  9698 | D:8      | Reached skill level 5 in Unarmed Combat
  9698 | D:8      | Reached skill level 5 in Evocations
 10224 | D:8      | Noticed Grum
 10234 | D:8      | Killed Grum
 11877 | D:9      | Found a staircase to the Lair.
 12011 | Lair:1   | Entered Level 1 of the Lair of Beasts
 12078 | Lair:1   | Noticed Gastronok
 12096 | Lair:1   | Killed Gastronok
 12409 | Lair:1   | Noticed Prince Ribbit
 12418 | Lair:1   | Reached XP level 11. HP: 73/81 MP: 22/22
 12426 | Lair:1   | Killed Prince Ribbit
 12635 | Lair:1   | Reached skill level 5 in Conjurations
 12635 | Lair:1   | Reached skill level 5 in Hexes
 12635 | Lair:1   | Reached skill level 5 in Summonings
 12635 | Lair:1   | Reached skill level 5 in Necromancy
 12635 | Lair:1   | Reached skill level 5 in Translocations
 12635 | Lair:1   | Reached skill level 5 in Transmutations
 12635 | Lair:1   | Reached skill level 5 in Fire Magic
 12635 | Lair:1   | Reached skill level 5 in Air Magic
 12635 | Lair:1   | Reached skill level 5 in Earth Magic
 12635 | Lair:1   | Reached skill level 5 in Poison Magic
 13369 | Lair:2   | Noticed a six-headed hydra
 13377 | Lair:2   | Killed a six-headed hydra
 13509 | Lair:2   | Reached ***** piety under Makhleb
 13592 | Lair:2   | Reached skill level 9 in Ice Magic
 14229 | Lair:2   | Found a hole to the Spider Nest.
 14234 | Spider:1 | Entered Level 1 of the Spider Nest
 14240 | Spider:1 | Noticed an emperor scorpion
 14248 | Spider:1 | Reached XP level 12. HP: 80/89 MP: 14/24
 14254 | Spider:1 | Slain by an emperor scorpion

Illustrated notes

Levels and vault maps discovered:
D:1:      wander_arrival_desolate, layout_loops_cross, fountainhead
D:2:      layout_loops_ring, minmay_tiny_reverse_x, uniq_natasha, uniq_terence
D:3:      layout_loops_cross, grunt_temple_overflow_champion_of_chaos,
          serial_park_tiny_1, kennysheep_path_1, st_stairs_1,
          minmay_gold_behind_fungi
D:4:      layout_rooms, minmay_temple_entry_water_ring, uniq_edmund
D:5:      corexii_shack_village, layout_gridville,
          chequers_serial_rivers_micro_b, nicolae_ru_path_of_blood
D:6:      layout_cave_pools, nzn_hepliaklqana_mist_gate, serial_shops,
          kennysheep_mini_moat, cheibrodos_sewer_entry_drain
D:7:      layout_basic, cheibrodos_ashenzari_chains
D:8:      layout_layer_cave, uniq_grum
D:9:      minmay_general_purpose_star, layout_basic, lair_entry_dummy,
          glass_columns_c
Temple:   regret_index_temple_mists
Lair:1:   layout_chaotic_city, uniq_prince_ribbit2, uniq_gastronok
Lair:2:   layout_gridlike, nicolae_spider_entry_non_spiders,
          infiniplex_staircase_pool
Spider:1: layout_spider_delve, drop_trap, uniq_rupert

Skill      XL: |  1  2  3  4  5  6  7  8  9 10 11 |
---------------+----------------------------------+-----
Spellcasting   | 5 6 7 8 |  8.5
Invocations    | 1 2 3 4 5 6 7 |  7.5
Fighting       | 1 2 3 4 5 6 |  6.8
Short Blades   | 1 2 3 4 5 6 |  6.8
Long Blades    | 1 2 3 4 5 6 |  6.8
Axes           | 1 2 3 4 5 6 |  6.8
Maces & Flails | 1 2 3 4 5 6 |  6.8
Polearms       | 1 2 3 4 5 6 |  6.8
Staves         | 1 2 3 4 5 6 |  6.8
Slings         | 1 2 3 4 5 6 |  6.8
Bows           | 1 2 3 4 5 6 |  6.8
Crossbows      | 1 2 3 4 5 6 |  6.8
Throwing       | 1 2 3 4 5 6 |  6.8
Armour         | 1 2 3 4 5 6 |  6.8
Shields        | 1 2 3 4 5 6 |  6.8
Unarmed Combat | 1 2 3 4 5 6 |  6.8
Evocations     | 1 2 3 4 5 6 |  6.8
Conjurations   | 1 2 3 4 5 |  5.6
Hexes          | 1 2 3 4 5 |  5.6
Summonings     | 1 2 3 4 5 |  5.6
Necromancy     | 1 2 3 4 5 |  5.6
Translocations | 1 2 3 4 5 |  5.6
Transmutations | 1 2 3 4 5 |  5.6
Fire Magic     | 1 2 3 4 5 |  5.6
Air Magic      | 1 2 3 4 5 |  5.6
Earth Magic    | 1 2 3 4 5 |  5.6
Poison Magic   | 1 2 3 4 5 |  5.6
Dodging        | 5 6 7 8 |  8.3
Stealth        | 5 6 7 8 |  8.1
Ice Magic      | 8 9 |  9.2

Action                   |  1- 3 |  4- 6 |  7- 9 | 10-12 || total
-------------------------+-------+-------+-------+-------++-------
Melee: Unarmed           |    14 |       |       |       ||    14
       Bite              |     2 |       |    13 |    21 ||    36
       Dagger            |     4 |       |       |       ||     4
       Whip              |     3 |       |       |       ||     3
       Spear             |       |     3 |       |       ||     3
       Flail             |       |       |   108 |       ||   108
       Long sword        |       |       |    55 |   125 ||   180
 Fire: Hunting sling     |     3 |   112 |   154 |       ||   269
       Hand crossbow     |       |       |    12 |       ||    12
 Cast: Freeze            |    35 |    27 |    41 |    27 ||   130
       Frozen Ramparts   |     2 |    11 |    13 |     6 ||    32
       Ozocubu's Armour  |     1 |    12 |    12 |     6 ||    31
       Summon Ice Beast  |       |       |   102 |   103 ||   205
       Hailstorm         |       |       |       |     7 ||     7
  Use: Scroll            |     1 |       |     7 |     1 ||     9
 Stab: Sleeping          |     1 |       |     5 |     4 ||    10
       Distracted        |       |       |       |     1 ||     1
Armor: Robe              |     4 |     7 |    69 |    27 ||   107
Dodge: Dodged            |    26 |    19 |   176 |   152 ||   373
Block: Buckler           |       |    11 |    70 |    63 ||   144
       Rpst.: Long sword |       |       |    15 |    53 ||    68
